 Dungeon Crawl Stone Soup version 0.27-a0-1144-g0b7d3b79db (webtiles) character file.

Game seed: 8504869845551015319

2654 sanka the Ducker (level 9, -2/66 HPs)
             Began as a Djinni Gladiator on May 10, 2021.
             Slain by a centaur
             ... wielding a +0 halberd
              (3 damage)
             ... in a bailey.
             The game lasted 00:15:19 (8256 turns).

sanka the Ducker (Djinni Gladiator)                 Turns: 8256, Time: 00:15:20

Health: -2/66      AC:  7    Str: 21    XL:     9   Next: 62%
Gold:   131        EV: 15    Int: 20    God:
                   SH:  5    Dex: 14

rFire    + + .     SeeInvis .   a - +0 long sword
rCold    . . .     Faith    .   (no shield)
rNeg     . . .     Spirit   .   p - +2 robe {Will+}
rPois    ∞         Reflect  +   c - +0 helmet
rElec    .         Harm     .   C - +0 cloak
rCorr    .         Rampage  .   s - +0 pair of gloves
Will     +....                  (boots unavailable)
Stlth    ++........             F - amulet of reflection
HPRegen  0.21/turn              r - ring "Zumaor" {rC+ Str+4 Int+6}
MPRegen  0.00/turn              e - +6 ring of strength

@: brilliant, flying, hasted, very quick
A: sickness immunity, fire resistance 2, cold vulnerability 1, float, innate
caster, hp casting, extra vitality 1, camouflage 1, weak 1
a: no special abilities


You were in a bailey.
You visited 1 branch of the dungeon, and saw 8 of its levels.
You also visited: Sewer and Bailey.

You collected 131 gold pieces.


Innate Abilities, Weirdness & Mutations

You are immune to sickness and miasma.
You are immune to poison.
Your flesh is very heat resistant. (rF++)
You are vulnerable to cold. (rC-)
You float through the air rather than walking.
You learn spells naturally, not from books.
Your magical power is your life essence.
You have superior vitality. (+4 HP)
Your skin changes colour to match your surroundings (Stealth+).
You are weak. (Str -2)


   Skills:
 + Level 6.2 Fighting
 + Level 6.0 Long Blades
 - Level 1.5 Throwing
 + Level 7.2 Dodging
 + Level 6.3 Spellcasting


You had 11 spell levels left.
You knew the following spells:

 Your Spells              Type           Power      Damage    Failure   Level
a - Ozocubu's Armour      Ice            47%        N/A       2%          3
b - Blink                 Tloc           N/A        N/A       1%          2
c - Mephitic Cloud        Conj/Pois/Air  47%        N/A       2%          3
e - Apportation           Tloc           94%        N/A       1%          1
Your spell library was empty.

Inventory:

Hand Weapons
 a - a +0 long sword (weapon)
 m - a +1 whip of electrocution
 n - a +2 dagger of draining
 u - the +6 mace "Caopn" {venom, rC+ Int+4 Dex-3}

   It poisons the flesh of those it strikes.
   It affects your intelligence (+4).
   It affects your dexterity (-3).
   It protects you from cold.
Missiles
 d - 3 throwing nets {=f}
 v - 3 curare-tipped darts (quivered) {=f}
 y - 9 poisoned darts
Armour
 c - a +0 helmet (worn)
 p - a +2 robe of willpower (worn)
 s - a +0 pair of gloves (worn)
 C - a +0 cloak (worn)
 E - +0 steam dragon scales
Jewellery
 e - a +6 ring of strength (right hand)
 r - the ring "Zumaor" (left hand) {rC+ Str+4 Int+6}

   [ring of intelligence]

   It affects your strength (+4).
   It affects your intelligence (+6).
   It protects you from cold.
 F - an amulet of reflection (around neck)
 G - a ring of positive energy
Scrolls
 b - 4 scrolls of fear
 f - 3 scrolls of holy word
 g - a scroll of identify {unknown}
 h - 2 scrolls of fog
 i - 2 scrolls of noise {!r}
 k - a scroll of blinking {unknown}
 l - a scroll of brand weapon {unknown}
 q - a scroll of silence {unknown}
 x - a scroll of teleportation {@r4}
Potions
 j - a potion of mutation {!q}
 o - 2 potions of haste {@q3}
 t - a potion of lignification {unknown}
 w - 2 potions of might {unknown}
 z - 2 potions of flight
 A - a potion of magic
 B - a potion of brilliance
 D - a potion of degeneration {unknown}

Dungeon Overview and Level Annotations

Branches:
Dungeon (9/15)              Sewer (visited)          Bailey (1/1)
 Temple: D:4-7         Lair: D:8-11         Orc: D:9-12

Altars:
Fedhas
Hepliaklqana
Trog
Wu Jian

..c≈..∩∩∩.....≈.££≈▒
≈≈.≈..⌠.⌠..≈≈.≈..£≈▒
.≈.≈≈≈...≈≈≈.≈≈.£≈≈▒
.≈≈..≈≈≈≈≈..≈≈..⌠≈≈▒
≈.≈≈≈.....≈≈≈...≈≈▒▒
≈≈..≈≈≈≈≈≈≈....≈≈▒▒
.≈≈≈.......≈≈..≈▒▒
...≈≈≈≈≈≈≈≈≈...≈▒
.......R.o≈▒
▒▒▒▒▒▒▒c▒▒▒▒ ...
..... ≈≈≈≈≈▒▒
▒▒▒▒▒▒▒


You could see a centaur and an orc.


Message History

You feel yourself speed up. The centaur closely misses you.
You riposte.
You barely miss the centaur.
The centaur is lightly wounded.
The centaur kicks you but does no damage.
You block the orc's attack.
Unknown command.
It was a potion of flight.
You feel more buoyant. You block the centaur's attack.
The centaur kicks you but does no damage.
The orc closely misses you.
It was a potion of mutation.
You feel extremely strange.
You feel weaker.
Your skin functions as natural camouflage.
You block the centaur's attack. The centaur barely misses you.
It was a potion of magic.
Magic courses through your body. The centaur hits you with a +0 halberd.
* * * LOW HITPOINT WARNING * * *
The centaur misses you. The orc closely misses you.
It was a potion of brilliance.
You feel clever all of a sudden. The centaur barely misses you.
The centaur kicks you.
You die...

Action                   |  1- 3 |  4- 6 |  7- 9 || total
-------------------------+-------+-------+-------++-------
Melee: Long sword        |    84 |   131 |   285 ||   500
       Mace              |       |    41 |       ||    41
Throw: Dart              |       |       |    16 ||    16
 Cast: Mephitic Cloud    |       |       |    10 ||    10
  Use: Potion            |       |     2 |     6 ||     8
       Scroll            |       |       |     7 ||     7
 Stab: Sleeping          |     4 |     3 |       ||     7
       Confused          |       |       |    10 ||    10
Armor: Leather armour    |    26 |    14 |       ||    40
       Robe              |       |    29 |    80 ||   109
Dodge: Dodged            |    67 |   134 |   246 ||   447
Block: Other             |       |       |    18 ||    18
       Rpst.: Long sword |    23 |    37 |    61 ||   121

Levels and vault maps discovered:
D:1:      eino_arrival_cavern_a, layout_loops_cross,
          hellmonk_ecumenical_altar_blasted
D:2:      layout_loops_corners
D:3:      layout_loops_cross, trog_book, gammafunk_temple_overflow_claw,
          chequers_serial_rivers_micro_e, uniq_jessica
D:4:      layout_loops_ring, lightli_sewer_entry_pipes
D:5:      layout_basic, wad_floor_pattern_untrapped, grunt_tough_drop
D:7:      layout_gridville, nicolae_overflow_crystal_walls,
          minmay_temple_entry_junction
D:8:      layout_loops_corners, erik_lair_dragon, kennysheep_cross_bottleneck,
          minmay_joined_circles, uniq_pikel
D:9:      nzn_winding_woodlands_medium [nzn_winding_woodlands_5x5_checkerboard,
          nzn_winding_woodlands_5x15_lazy_stream,
          nzn_winding_woodlands_5x5_open_star, nzn_winding_woodlands_hourglass,
          nzn_winding_woodlands_center_diamonds,
          nzn_winding_woodlands_5x5_default,
          nzn_winding_woodlands_5x5_perimeter,
          nzn_winding_woodlands_5x15_sidewinder,
          nzn_winding_woodlands_5x5_three], layout_long_grid, erik_orc_2,
          enter_bailey_5
Bailey:   bailey_polearm_flooded_kennysheep, bailey

Notes
Turn   | Place    | Note
-------+----------+-------------------------------------------
     0 | D:1      | sanka the Djinni Gladiator began the quest for the Orb.
     0 | D:1      | Reached XP level 1. HP: 18/18 MP: 0/0
   221 | D:1      | Reached XP level 2. HP: 14/23 MP: 0/0
   576 | D:1      | Found a faded altar of an unknown god.
   984 | D:2      | Reached XP level 3. HP: 28/29 MP: 0/0
   984 | D:2      | Learned a level 1 spell: Apportation
  1093 | D:2      | Reached skill level 3 in Long Blades
  1292 | D:2      | Reached skill level 1 in Spellcasting
  2022 | D:2      | Reached XP level 4. HP: 16/34 MP: 0/0
  2321 | D:2      | Reached skill level 4 in Dodging
  2478 | D:3      | Reached skill level 3 in Fighting
  2609 | D:3      | Noticed Jessica
  2620 | D:3      | Killed Jessica
  2621 | D:3      | Reached XP level 5. HP: 35/40 MP: 0/0
  2621 | D:3      | Learned a level 2 spell: Blink
  2702 | D:3      | Found an ornate altar of the Wu Jian Council.
  2702 | D:3      | Found a blossoming altar of Fedhas.
  2702 | D:3      | Found a hazy altar of Hepliaklqana.
  3198 | D:3      | Found a bloodstained altar of Trog.
  3277 | D:4      | Reached skill level 2 in Spellcasting
  3297 | D:4      | Noticed a black bear
  3350 | D:4      | Reached XP level 6. HP: 41/46 MP: 0/0
  3580 | D:4      | Identified the +6 mace "Caopn" {venom, rC+ Int+4 Dex-3}
  3682 | D:4      | HP: 1/46 [river rat (9)]
  3742 | D:4      | Found a glowing drain.
  3750 | Sewer    | Entered a sewer
  4018 | Sewer    | Reached skill level 4 in Long Blades
  4018 | Sewer    | Reached skill level 5 in Dodging
  4461 | Sewer    | Reached skill level 4 in Fighting
  4461 | Sewer    | Reached XP level 7. HP: 51/52 MP: 0/0
  4461 | Sewer    | Learned a level 3 spell: Mephitic Cloud
  4582 | Sewer    | Reached skill level 3 in Spellcasting
  5322 | D:4      | Reached skill level 4 in Spellcasting
  5397 | D:5      | Entered Level 5 of the Dungeon
  5473 | D:4      | Reached skill level 5 in Spellcasting
  5473 | D:4      | Reached XP level 8. HP: 45/58 MP: 0/0
  6323 | D:5      | You are sucked into a shaft and drop 3 floors!
  6546 | D:8      | Noticed a two-headed ogre
  6558 | D:8      | Killed a two-headed ogre
  6559 | D:8      | Reached skill level 5 in Fighting
  6559 | D:8      | Reached skill level 5 in Long Blades
  6559 | D:8      | Reached skill level 6 in Dodging
  6559 | D:8      | Reached XP level 9. HP: 63/65 MP: 0/0
  6559 | D:8      | Learned a level 3 spell: Ozocubu's Armour
  6845 | D:8      | Reached skill level 6 in Spellcasting
  6962 | D:8      | Identified +0 steam dragon scales
  7313 | D:8      | Reached skill level 7 in Dodging
  7344 | D:8      | Reached skill level 6 in Fighting
  7886 | D:8      | Reached skill level 6 in Long Blades
  8170 | D:9      | Identified a scroll of acquirement
  8170 | D:9      | Acquired the ring "Zumaor" {rC+ Str+4 Int+6}
  8171 | D:9      | Found a flagged portal.
  8229 | Bailey   | Entered a bailey
  8251 | Bailey   | HP: 2/66 [centaur/+0 halberd (6)]
  8254 | Bailey   | Gained mutation: You are weak. (Str -2) [potion of
                  | mutation]
  8254 | Bailey   | Gained mutation: Your skin changes colour to match your
                  | surroundings (Stealth+). [potion of mutation]
  8256 | Bailey   | Slain by a centaur

Vanquished Creatures
  A two-headed ogre (D:8)
  A steam dragon (D:8)
  An orc warrior (D:8)
  A sky beast (D:8)
  An ogre (D:5)
  A black bear (D:4)
  A centaur (D:8)
  A phantom (D:4)
  5 kobold brigands
  3 bullfrogs
  4 scorpions
  A killer bee (D:8)
  3 howler monkeys (D:8)
  A hound (D:4)
  An orc priest (D:9)
  A gnoll shaman (D:8)
  A jelly (D:8)
  Jessica (D:3)
  2 iguanas (D:5)
  5 orc wizards
  4 gnolls (D:4)
  9 adders
  3 river rats
  A white imp (D:8)
  5 worms
  3 dart slugs
  9 orcs
  9 ball pythons
  3 bats
  11 endoplasms
  3 giant cockroaches
  9 goblins
  4 hobgoblins
  7 jackals
  5 quokkas
  6 frilled lizards
  15 kobolds
  12 rats
154 creatures vanquished.

Vanquished Creatures (others)
  A sky beast (D:8)
  A bullfrog (D:8)
2 creatures vanquished.

Grand Total: 156 creatures vanquished
